HS
NORTHWESTERN HS TITANS @ TC ROBERSON HS RED CLAWS
03/29/2060
 
TOP OF THE 1ST
Northwestern HS Titans batting - Pitching for TC Roberson HS Red Claws : LHP Damon Chute
Pitching: LHP Damon Chute
Batting: RHB Stan Chartrand 0-0: Foul Ball, location: 2F
0-1: Foul Ball, location: 2F
0-2: Fly out, F8 (Line Drive, 8LM, EV 102.5 MPH)
Batting: RHB Parker Clancy 0-0: SINGLE (Groundball, 6MD, EV 97.5 MPH)
Batting: RHB Kaleb Gilchrist 0-0: Ball
1-0: Ball
2-0: Swinging Strike
2-1: Ball
3-1: Base on Balls
Parker Clancy to second
Batting: LHB James Baker 0-0: Ball
1-0: Foul Ball, location: 2F
1-1: Foul Ball, location: 2F
1-2: Fly out, F7 (Flyball, 78S, EV 97.5 MPH)
Batting: RHB Caleb Bond 0-0: Swinging Strike
0-1: Ball
1-1: Swinging Strike
1-2: Strikes out swinging
Top of the 1st over - 0 runs, 1 hit, 0 errors, 2 left on base; Northwestern HS 0 - TC Roberson HS 0
BOTTOM OF THE 1ST
TC Roberson HS Red Claws batting - Pitching for Northwestern HS Titans : RHP Christian Hynes
Pitching: RHP Christian Hynes
Batting: LHB Landon Morss 0-0: Ball
1-0: Called Strike
1-1: SINGLE (Line Drive, 8LS, EV 98.1 MPH)
Batting: LHB Isaac Robertson 0-0: Ball
1-0: Ball
Landon Morss steals 2nd base (no throw)
2-0: SINGLE (Line Drive, 4D, EV 95.0 MPH)
Landon Morss to third
Batting: SHB Mason Pitts 0-0: Ball
Isaac Robertson steals 2nd base
1-0: Swinging Strike
1-1: SINGLE (Line Drive, 89S, EV 91.2 MPH)
Landon Morss scores
Isaac Robertson to third
Batting: LHB Sean Coney 0-0: Called Strike
0-1: Ball
1-1: Called Strike
1-2: Foul Ball, location: 2F
1-2: Ball
2-2: Foul Ball, location: 2F
2-2: Foul Ball, location: 2F
2-2: Strikes out swinging
Batting: RHB Jeremy Wesely 0-0: Ball
1-0: Fielders Choice at 2nd, 4-6 (Groundball, 4M, EV 84.4 MPH)
Isaac Robertson scores
Batting: RHB Findlay Carreon 0-0: Ball
1-0: Ball
2-0: Ball
3-0: Called Strike
3-1: Foul Ball, location: 2F
3-2: Foul Ball, location: 2F
3-2: Foul Ball, location: 2F
3-2: Foul Ball, location: 2F
3-2: Strikes out swinging
Bottom of the 1st over - 2 runs, 3 hits, 0 errors, 1 left on base; Northwestern HS 0 - TC Roberson HS 2
TOP OF THE 2ND
Northwestern HS Titans batting - Pitching for TC Roberson HS Red Claws : LHP Damon Chute
Batting: LHB Elvis Alton 0-0: Foul Ball, location: 2F
0-1: Ball
1-1: Foul Ball, location: 2F
1-2: Strikes out swinging
Batting: RHB Ernie Argueta 0-0: Swinging Strike
0-1: Foul Ball, location: 2F
0-2: Ball
1-2: Foul Ball, location: 2F
1-2: Strikes out swinging
Batting: LHB Gage Richardson 0-0: Called Strike
0-1: SINGLE (Flyball, 6D, EV 88.1 MPH) - OUT at second base trying to stretch hit.
Top of the 2nd over - 0 runs, 1 hit, 0 errors, 0 left on base; Northwestern HS 0 - TC Roberson HS 2
BOTTOM OF THE 2ND
TC Roberson HS Red Claws batting - Pitching for Northwestern HS Titans : RHP Christian Hynes
Batting: RHB Angel Bedeschi 0-0: Ball
1-0: SINGLE (Line Drive, 6MD, EV 95.6 MPH)
Batting: SHB Keith Fisher 0-0: Fly out, F4 (Popup, 4D, EV 53.1 MPH)
Batting: RHB Irvin Crawford 0-0: Swinging Strike
0-1: Called Strike
0-2: Ball
1-2: Ball
2-2: Grounds into double play, 5-4-3 (Groundball, 56, EV 88.8 MPH)
Bottom of the 2nd over - 0 runs, 1 hit, 0 errors, 0 left on base; Northwestern HS 0 - TC Roberson HS 2
TOP OF THE 3RD
Northwestern HS Titans batting - Pitching for TC Roberson HS Red Claws : LHP Damon Chute
Batting: RHB Preston Stogsdill 0-0: Foul Ball, location: 2F
0-1: Swinging Strike
0-2: Fly out, F7 (Line Drive, 7, EV 95.0 MPH)
Batting: RHB Stan Chartrand 0-0: Fly out, F4 (Popup, 23, EV 84.4 MPH)
Batting: RHB Parker Clancy 0-0: Foul Ball, location: 2F
0-1: Ball
1-1: Foul Ball, location: 2F
1-2: TRIPLE (Flyball, 8RXD, EV 101.9 MPH)
Batting: RHB Kaleb Gilchrist 0-0: Fly out, F8 (Flyball, 8LXD, EV 103.8 MPH)
Top of the 3rd over - 0 runs, 1 hit, 0 errors, 1 left on base; Northwestern HS 0 - TC Roberson HS 2
BOTTOM OF THE 3RD
TC Roberson HS Red Claws batting - Pitching for Northwestern HS Titans : RHP Christian Hynes
Batting: LHB Landon Morss 0-0: Ball
1-0: Ball
2-0: Called Strike
2-1: Swinging Strike
2-2: SINGLE (Groundball, 4MS, EV 71.9 MPH) (infield hit)
Batting: LHB Isaac Robertson 0-0: Ball
1-0: Ball
2-0: Ball
3-0: Called Strike
3-1: Fly out, F8 (Line Drive, 78M, EV 93.1 MPH)
Batting: SHB Mason Pitts 0-0: Called Strike
0-1: Called Strike
Landon Morss steals 2nd base
0-2: SINGLE (Line Drive, 6D, EV 95.6 MPH)
Landon Morss to third
Batting: LHB Sean Coney 0-0: Ball
Mason Pitts is caught stealing 2nd base 2-6
1-0: Ball
2-0: Foul Ball, location: 2F
2-1: Reached on error, E4 (Groundball, 4M, EV 81.9 MPH)
Landon Morss scores
Batting: RHB Jeremy Wesely 0-0: Called Strike
0-1: Reached on error, E1 (Groundball, 13S, EV 70.0 MPH)
Sean Coney to third
Batting: RHB Findlay Carreon 0-0: Ball
1-0: Foul Ball, location: 2F
1-1: Ball
2-1: Ball
3-1: Called Strike
3-2: Strikes out swinging
Bottom of the 3rd over - 1 run, 2 hits, 2 errors, 2 left on base; Northwestern HS 0 - TC Roberson HS 3
TOP OF THE 4TH
Northwestern HS Titans batting - Pitching for TC Roberson HS Red Claws : LHP Damon Chute
Batting: LHB James Baker 0-0: Ball
1-0: SOLO HOME RUN (Line Drive, 9D, EV 107.5 MPH), Distance : 403 ft
Batting: RHB Caleb Bond 0-0: Swinging Strike
0-1: Called Strike
0-2: Ball
1-2: Ball
2-2: Strikes out swinging
Batting: LHB Elvis Alton 0-0: Called Strike
0-1: Ball
1-1: Ball
2-1: Ball
3-1: Base on Balls
Batting: RHB Ernie Argueta 0-0: Ball
Wild Pitch!
Elvis Alton to second
1-0: Ball
2-0: Called Strike
2-1: Called Strike
2-2: Fly out, F4 (Popup, 4MD, EV 55.0 MPH)
Batting: LHB Gage Richardson 0-0: Called Strike
0-1: Ball
1-1: Called Strike
1-2: Foul Ball, location: 2F
1-2: Ball
2-2: Strikes out looking
Top of the 4th over - 1 run, 1 hit, 0 errors, 1 left on base; Northwestern HS 1 - TC Roberson HS 3
BOTTOM OF THE 4TH
TC Roberson HS Red Claws batting - Pitching for Northwestern HS Titans : RHP Christian Hynes
Batting: RHB Angel Bedeschi 0-0: Ball
1-0: Foul Ball, location: 2F
1-1: Called Strike
1-2: Ball
2-2: Fly out, F8 (Flyball, 78D, EV 90.0 MPH)
Batting: SHB Keith Fisher 0-0: Called Strike
0-1: Hit by Pitch
Batting: RHB Irvin Crawford 0-0: Ball
1-0: Ball
2-0: Ball
3-0: Base on Balls
Keith Fisher to second
Batting: LHB Landon Morss 0-0: Ball
1-0: Ball
2-0: Called Strike
Keith Fisher steals 3rd base
Irvin Crawford to second
2-1: Ball
3-1: Called Strike
3-2: Foul Ball, location: 2F
3-2: Foul Ball, location: 2F
3-2: Base on Balls
Pitching: RHP Royal Pierce
Batting: LHB Isaac Robertson 0-0: Ball
1-0: Swinging Strike
1-1: Fly out, F8 (Flyball, 8LD, EV 101.2 MPH)
Runner from 3rd tags up, SCORES, throw by CF
Irvin Crawford to third
Batting: SHB Mason Pitts 0-0: Ball
1-0: Ball
2-0: Called Strike
2-1: Swinging Strike
2-2: Foul Ball, location: 2F
2-2: Foul Ball, location: 2F
2-2: Foul Ball, location: 2F
2-2: Foul Ball, location: 2F
2-2: Strikes out swinging
Bottom of the 4th over - 1 run, 0 hits, 0 errors, 2 left on base; Northwestern HS 1 - TC Roberson HS 4
TOP OF THE 5TH
Northwestern HS Titans batting - Pitching for TC Roberson HS Red Claws : LHP Damon Chute
Batting: RHB Preston Stogsdill 0-0: SINGLE (Flyball, 56D, EV 95.6 MPH)
Batting: RHB Stan Chartrand 0-0: Called Strike
0-1: Ball
1-1: Swinging Strike
1-2: Ball
2-2: Strikes out swinging
Batting: RHB Parker Clancy 0-0: Fly out, F8 (Flyball, 8LXD, EV 86.9 MPH)
Batting: RHB Kaleb Gilchrist 0-0: Ball
1-0: Called Strike
1-1: Ball
2-1: Foul Ball, location: 2F
2-2: Fielders Choice at 2nd, 6-4 (Groundball, 56, EV 83.1 MPH)
Top of the 5th over - 0 runs, 1 hit, 0 errors, 1 left on base; Northwestern HS 1 - TC Roberson HS 4
BOTTOM OF THE 5TH
TC Roberson HS Red Claws batting - Pitching for Northwestern HS Titans : RHP Royal Pierce
Batting: LHB Sean Coney 0-0: Ball
1-0: Called Strike
1-1: Fly out, F7 (Flyball, 78D, EV 96.2 MPH)
Batting: RHB Jeremy Wesely 0-0: Called Strike
0-1: Ground out 5-3 (Groundball, 56S, EV 77.5 MPH)
Batting: RHB Findlay Carreon 0-0: Ball
1-0: Called Strike
1-1: SOLO HOME RUN (Flyball, 9D, EV 100.0 MPH), Distance : 381 ft
Batting: RHB Angel Bedeschi 0-0: Ball
1-0: Foul Ball, location: 2F
1-1: Called Strike
1-2: Foul Ball, location: 2F
1-2: Ball
2-2: Foul Ball, location: 2F
2-2: Foul Ball, location: 2F
2-2: Ball
3-2: Base on Balls
Batting: SHB Keith Fisher 0-0: Foul Ball, location: 2F
0-1: Swinging Strike
0-2: Ball
1-2: Ball
2-2: DOUBLE (Flyball, 9LD, EV 110.6 MPH)
Angel Bedeschi to third
Runner from 3rd tries for Home, SAFE, throw by RF to home
Batting: RHB Irvin Crawford 0-0: Called Strike
0-1: Ball
1-1: Ball
2-1: Ball
3-1: Base on Balls
Batting: LHB Landon Morss 0-0: Ball
1-0: Swinging Strike
1-1: Foul Ball, location: 2F
1-2: Ball
2-2: Fly out, F9 (Flyball, 89M, EV 84.4 MPH)
Bottom of the 5th over - 2 runs, 2 hits, 0 errors, 2 left on base; Northwestern HS 1 - TC Roberson HS 6
TOP OF THE 6TH
Northwestern HS Titans batting - Pitching for TC Roberson HS Red Claws : LHP Damon Chute
Batting: LHB James Baker 0-0: Called Strike
0-1: Ball
1-1: Called Strike
1-2: Fly out, F7 (Line Drive, 7, EV 96.9 MPH)
Pitching: LHP Tristen McCarthy
Batting: RHB Caleb Bond 0-0: Swinging Strike
0-1: Ground out 6-3 (Groundball, 6, EV 76.9 MPH)
Batting: LHB Elvis Alton 0-0: Foul Ball, location: 2F
0-1: Ball
1-1: Ball
2-1: Called Strike
2-2: Foul Ball, location: 2F
2-2: Ground out 4-3 (Groundball, 4, EV 86.9 MPH)
Top of the 6th over - 0 runs, 0 hits, 0 errors, 0 left on base; Northwestern HS 1 - TC Roberson HS 6
BOTTOM OF THE 6TH
TC Roberson HS Red Claws batting - Pitching for Northwestern HS Titans : RHP Royal Pierce
Batting: LHB Isaac Robertson 0-0: Ball
1-0: Ball
2-0: Ball
3-0: Base on Balls
Batting: SHB Mason Pitts 0-0: Foul Ball, location: 2F
0-1: Ball
1-1: 2-RUN HOME RUN (Flyball, 8LXD, EV 105.0 MPH), Distance : 434 ft
Batting: LHB Sean Coney 0-0: Foul Ball, location: 2F
0-1: Ball
1-1: Swinging Strike
1-2: Ball
2-2: Ball
3-2: Fly out, F7 (Flyball, 7D, EV 95.6 MPH)
Batting: RHB Jeremy Wesely 0-0: Ball
1-0: Foul Ball, location: 2F
1-1: Fly out, F5 (Popup, 5F, EV 79.4 MPH)
Batting: RHB Findlay Carreon 0-0: Ball
1-0: Called Strike
1-1: Ground out U3 (Groundball, 3S, EV 84.4 MPH)
Bottom of the 6th over - 2 runs, 1 hit, 0 errors, 0 left on base; Northwestern HS 1 - TC Roberson HS 8
TOP OF THE 7TH
Northwestern HS Titans batting - Pitching for TC Roberson HS Red Claws : LHP Tristen McCarthy
Batting: RHB Ernie Argueta 0-0: Called Strike
0-1: Ball
1-1: Ball
2-1: Ground out 5-3 (Groundball, 56, EV 102.5 MPH)
Batting: LHB Gage Richardson 0-0: Ground out 5-3 (Groundball, 56, EV 98.1 MPH)
Batting: RHB Preston Stogsdill 0-0: Called Strike
0-1: Called Strike
0-2: Ball
1-2: Strikes out swinging
Top of the 7th over - 0 runs, 0 hits, 0 errors, 0 left on base; Northwestern HS 1 - TC Roberson HS 8
BOTTOM OF THE 7TH
TC Roberson HS Red Claws batting - Pitching for Northwestern HS Titans : RHP Royal Pierce
Pitching: RHP Kyle Hilts
Batting: RHB Angel Bedeschi 0-0: SINGLE (Line Drive, 56D, EV 100.0 MPH)
Batting: SHB Keith Fisher 0-0: Ball
Angel Bedeschi steals 2nd, throwing error, E2
Angel Bedeschi to third
1-0: Ball
2-0: Ball
3-0: Base on Balls
Batting: RHB Irvin Crawford 0-0: Fly out, F8 (Flyball, 8LM, EV 90.6 MPH)
Batting: LHB Landon Morss 0-0: Called Strike
0-1: Foul Ball, location: 2F
0-2: DOUBLE (Line Drive, 5D, EV 94.4 MPH)
Angel Bedeschi scores
Keith Fisher to third
Runner from 3rd tries for Home, SAFE, throw by LF to home
Batting: LHB Isaac Robertson 0-0: Ball
1-0: Ball
2-0: Called Strike
2-1: Ball
3-1: Base on Balls
Batting: SHB Mason Pitts 0-0: Ball
1-0: Ball
2-0: Ball
3-0: Base on Balls
Landon Morss to third
Isaac Robertson to second
Batting: LHB Sean Coney 0-0: Called Strike
0-1: Ball
1-1: Foul Ball, location: 2F
1-2: Foul Ball, location: 2F
1-2: Ball
2-2: Ball
3-2: Foul Ball, location: 2F
3-2: Fly out, F9 (Line Drive, 9LM, EV 93.8 MPH)
Runner from 3rd tags up, SCORES, throw by RF
Batting: RHB Jeremy Wesely 0-0: Ball
1-0: Called Strike
1-1: Foul Ball, location: 2F
1-2: Ball
2-2: Reached on error, E1 (Groundball, 15, EV 73.8 MPH)
Isaac Robertson scores
Mason Pitts to third
Pitching: LHP Doug Brown
Batting: RHB Findlay Carreon 0-0: Ball
1-0: Foul Ball, location: 2F
1-1: Fly out, F9 (Flyball, 8RM, EV 91.9 MPH)
Bottom of the 7th over - 4 runs, 2 hits, 2 errors, 2 left on base; Northwestern HS 1 - TC Roberson HS 12
TOP OF THE 8TH
Northwestern HS Titans batting - Pitching for TC Roberson HS Red Claws : LHP Tristen McCarthy
Batting: RHB Stan Chartrand 0-0: Swinging Strike
0-1: Ball
1-1: Fly out, F8 (Flyball, 89M, EV 96.2 MPH)
Pinch Hitting: RHB Tyler Calloway 0-0: Called Strike
0-1: Ball
1-1: Fly out, F7 (Flyball, 7D, EV 106.9 MPH)
Batting: RHB Kaleb Gilchrist 0-0: Ball
1-0: Ground out 3-1 (Groundball, 13, EV 88.8 MPH)
Top of the 8th over - 0 runs, 0 hits, 0 errors, 0 left on base; Northwestern HS 1 - TC Roberson HS 12
BOTTOM OF THE 8TH
TC Roberson HS Red Claws batting - Pitching for Northwestern HS Titans : LHP Doug Brown
Now at 1B: Tyler Calloway
Batting: RHB Angel Bedeschi 0-0: Ball
1-0: Called Strike
1-1: Foul Ball, location: 2F
1-2: Ball
2-2: Ball
3-2: Fly out, F8 (Line Drive, 8LM, EV 96.2 MPH)
Batting: SHB Keith Fisher 0-0: Swinging Strike
0-1: Called Strike
0-2: Ball
1-2: Strikes out swinging
Batting: RHB Irvin Crawford 0-0: Ball
1-0: Foul Ball, location: 2F
1-1: Ball
2-1: Ground out 6-3 (Groundball, 6, EV 101.9 MPH)
Bottom of the 8th over - 0 runs, 0 hits, 0 errors, 0 left on base; Northwestern HS 1 - TC Roberson HS 12
TOP OF THE 9TH
Northwestern HS Titans batting - Pitching for TC Roberson HS Red Claws : LHP Tristen McCarthy
Pinch Hitting: SHB Brendan Douglas 0-0: Ball
1-0: Called Strike
1-1: Ball
2-1: Called Strike
2-2: Ball
3-2: Base on Balls
Batting: RHB Caleb Bond 0-0: Called Strike
0-1: Fly out, F9 (Flyball, 89M, EV 84.4 MPH)
Pinch Hitting: RHB Andy Charles 0-0: Called Strike
0-1: Ball
1-1: Swinging Strike
1-2: Strikes out swinging
Batting: RHB Ernie Argueta 0-0: Ball
1-0: Fly out, F9 (Line Drive, 89M, EV 89.4 MPH)
Top of the 9th over - 0 runs, 0 hits, 0 errors, 1 left on base; Northwestern HS 1 - TC Roberson HS 12
Wednesday, April 17th , 2024 - OOTP Baseball 23.10 Build 110